 Dungeon Crawl Stone Soup version 0.27-a0-67-g4bfc8a49e1 (webtiles) character file.

Game seed: 427408475960837957

7440 Borgoz the Grappler (level 11, 0/85 HPs)
             Began as a Ghoul Gladiator on Jan 9, 2021.
             Was a Follower of Ashenzari.
             Slain by a sky beast (6 damage)
             ... on level 10 of the Dungeon.
             The game lasted 00:10:11 (10415 turns).

Borgoz the Grappler (Ghoul Gladiator)              Turns: 10415, Time: 00:10:11

Health: 0/85       AC: 10    Str: 25    XL:     11   Next: 15%
Magic:  10/10      EV: 18    Int:  3    God:    Ashenzari [*.....]
Gold:   499        SH:  5    Dex: 13    Spells: 7/10 levels left

rFire    . . .     SeeInvis .     - Unarmed
rCold    + . .     Faith    .   (no shield)
rNeg     + + +     Spirit   .   y - +0 steam dragon scales
rPois    ∞         Reflect  +   q - +1 helmet
rElec    .         Harm     .   F - +0 cloak
rCorr    .         Rampage  .   (no gloves)
Will     .....                  (no boots)
Stlth    +.........             t - amulet of reflection
HPRegen  0.00/turn              k - +6 ring of strength (curse)
MPRegen  0.12/turn              a - +4 ring of slaying (curse)

@: about to teleport, very slightly contaminated, invisible
A: claws 1, cold resistance 1, negative energy resistance 3, inhibited
regeneration, torment resistance, unbreathing
a: Renounce Religion, Curse Item, Scrying


You were on level 10 of the Dungeon.
You worshipped Ashenzari.
Ashenzari was aware of your devotion.
You visited 2 branches of the dungeon, and saw 11 of its levels.

You collected 499 gold pieces.

Inventory:

Missiles
 c - 11 throwing nets (quivered)
Armour
 q - a +1 helmet (worn)
 y - +0 steam dragon scales (worn)
 F - a +0 cloak (worn)
Jewellery
 a - a cursed +4 ring of slaying (right claw)
 k - a cursed +6 ring of strength (left claw)
 t - an amulet of reflection (around neck)
Wands
 x - a wand of acid (6)
 z - a wand of random effects (10)
 B - a wand of iceblast (7)
 D - a wand of paralysis (10)
 E - a wand of disintegration (20)
Scrolls
 b - 3 scrolls of fog {unknown}
 d - 2 scrolls of enchant weapon {unknown}
 e - 2 scrolls of amnesia {unknown}
 f - 6 scrolls of remove curse
 g - 5 scrolls of enchant armour
 h - 2 scrolls of random uselessness {unknown}
 i - 4 scrolls of magic mapping {unknown}
 j - 4 scrolls of blinking {unknown}
 m - 5 scrolls of teleportation
 n - 2 scrolls of immolation {unknown}
 u - a scroll of fear {unknown}
 w - a scroll of summoning {unknown}
 A - a scroll of vulnerability {unknown}
 G - a scroll of identify
Potions
 l - a potion of flight
 o - a potion of magic
 p - 6 potions of curing
 r - a potion of mutation {unknown}
 s - a potion of brilliance {unknown}
 C - a potion of haste


   Skills:
 + Level 4.5 Fighting
 - Level 1.7 Throwing
 + Level 6.5 Armour
 * Level 10.0 Dodging
 * Level 11.7 Unarmed Combat


You had 7 spell levels left.
You knew the following spells:

 Your Spells              Type           Power        Failure   Level
a - Confusing Touch       Hex            0%           88%         3

Your spell library contained the following spells:

 Spells                   Type           Power        Failure   Level
 Foxfire                  Conj/Fire      0%           52%         1
 Conjure Flame            Conj/Fire      0%           88%         3
 Gell's Gravitas          Tloc           0%           88%         3
 Inner Flame              Hex/Fire       0%           88%         3
 Petrify                  Tmut/Erth      0%           99%         4
 Sticky Flame             Conj/Fire      0%           99%         4
 Fireball                 Conj/Fire      0%           100%        5
 Metabolic Englaciation   Hex/Ice        0%           100%        5
 Yara's Violent Unravell  Hex/Tmut       0%           100%        5


Dungeon Overview and Level Annotations

Branches:
Dungeon (10/15)            Temple (1/1) D:7            Lair (0/6) D:8
    Orc (0/2) D:10

Altars:
Ashenzari
Cheibriados
Dithmenos
Elyvilon
Fedhas
Gozag
Hepliaklqana
Kikubaaqudgha
Makhleb
Nemelex Xobeh
Okawaru
Qazlal
Ru
Sif Muna
Trog
Uskayaw
Vehumet
Wu Jian
Xom
Yredelemnul
Zin
The Shining One

Shops:
D:5 :   D:6 *   D:9 !

Annotations:
D:8 1 runed translucent door, Domino's ghost, novice MiBe


Innate Abilities, Weirdness & Mutations

You thrive by killing the living.
You are immune to poison.
You have sharp fingernails.
Your flesh is cold resistant. (rC+)
You are immune to negative energy. (rN+++)
You do not regenerate when monsters are visible.
You are immune to unholy pain and torment.
You can survive without breathing.


Message History

Reactivating autopickup.
The adder misses you.
You bump into the rock wall.
The adder bites you.
* * * LOW HITPOINT WARNING * * *
The sky beast hits you.
* * * LOW HITPOINT WARNING * * *
The sky beast shocks you.
* * * LOW HITPOINT WARNING * * *
You bump into the rock wall.
The adder closely misses you.
The sky beast flickers out of sight!
Deactivating autopickup; reactivate with Ctrl-A.
Something barely misses you.
You are too confused!
You feel better. You block the adder's attack. Something closely misses you.
The adder completely misses you.
As you read the scroll of teleportation, it crumbles to dust.
You feel strangely unstable. Something hits you.
* * * LOW HITPOINT WARNING * * *
Something shocks you.
You die...

#...#.......
#...'.......
#...#.......
#...#.......
#...#.......
#...#.......
#...#.......
#...####+########..
..#.....@S.≈.........
#.........{...........
##........[...........
#....................
.....................#
....#.###########.....#
...##. .._..# .. ..
...... . ......


You could see an adder.

Vanquished Creatures
  Erolcha (D:9)
  A two-headed ogre (D:10)
  Maurice (D:9)
  A centaur skeleton (D:10)
  A gargoyle (D:10)
  A komodo dragon (D:8)
  A hornet (D:7)
  2 yaks (D:8)
  2 wyverns (D:8)
  2 steam dragons (D:6)
  5 water moccasins
  2 orc warriors (D:9)
  2 ice beasts
  A phantom (D:4)
  A sky beast (D:8)
  3 black bears (D:8)
  3 ogres
  2 centaurs
  7 bullfrogs
  A gnoll sergeant (D:10)
  A scorpion (D:8)
  5 killer bees (D:9)
  4 wights (D:8)
  2 howler monkeys
  A bullfrog zombie (D:9)
  A gnoll shaman (D:6)
  2 orc priests (D:9)
  4 bullfrog skeletons
  5 hounds
  6 orc wizards (D:9)
  2 iguanas
  An iron imp (D:7)
  8 worker ants
  A killer bee zombie (D:10)
  A hound skeleton (D:8)
  8 gnolls
  10 adders
  A shadow imp (D:6)
  4 white imps
  A worm (D:2)
  4 dart slugs
  3 leopard geckos
  21 orcs
  A ball python (D:2)
  6 bats
  A giant cockroach (D:2)
  6 goblins
  5 hobgoblins
  2 jackals (D:1)
  A quokka (D:2)
  3 frilled lizards
  2 goblin skeletons
  A goblin zombie (D:7)
  2 hobgoblin zombies (D:7)
  7 kobolds
  A kobold zombie (D:7)
  4 orc skeletons (D:7)
  8 rats
186 creatures vanquished.

Vanquished Creatures (others)
  39 fungi
  50 plants
89 creatures vanquished.

Grand Total: 275 creatures vanquished

Notes
Turn   | Place    | Note
-------+----------+-------------------------------------------
     0 | D:1      | Borgoz the Ghoul Gladiator began the quest for the Orb.
     0 | D:1      | Reached XP level 1. HP: 17/17 MP: 0/0
   570 | D:1      | Reached XP level 2. HP: 24/24 MP: 1/1
  1132 | D:2      | Reached XP level 3. HP: 26/29 MP: 2/2
  1308 | D:2      | Reached skill level 1 in Armour
  1308 | D:2      | Reached skill level 4 in Unarmed Combat
  1618 | D:2      | Reached XP level 4. HP: 31/36 MP: 3/3
  2316 | D:3      | Reached XP level 5. HP: 41/41 MP: 4/4
  2759 | D:4      | Noticed an ogre
  2772 | D:4      | Noticed an ogre
  2773 | D:4      | Killed an ogre
  2774 | D:4      | Reached skill level 5 in Unarmed Combat
  2782 | D:3      | Reached XP level 6. HP: 12/48 MP: 5/5
  3562 | D:4      | Reached XP level 7. HP: 53/55 MP: 6/6
  3704 | D:4      | Found a burning altar of Makhleb.
  3754 | D:4      | Reached skill level 5 in Dodging
  3754 | D:4      | Reached skill level 6 in Unarmed Combat
  4227 | D:5      | Entered Level 5 of the Dungeon
  4232 | D:5      | Found a hide-covered altar of Uskayaw.
  4232 | D:5      | Found a stormy altar of Qazlal.
  4233 | D:5      | Found an iron altar of Okawaru.
  4315 | D:5      | Found Cecucese's Book Shoppe.
  4843 | D:5      | Found a bloodstained altar of Trog.
  4951 | D:6      | Found Yrryr's Serpentskin Sales.
  4957 | D:6      | Reached skill level 7 in Unarmed Combat
  4957 | D:6      | Reached XP level 8. HP: 61/61 MP: 7/7
  5491 | D:6      | You fall into a shaft and drop 3 floors!
  5667 | D:8      | Noticed a wyvern
  5674 | D:8      | Killed a wyvern
  5734 | D:8      | Reached skill level 8 in Unarmed Combat
  5739 | D:8      | Found a runed translucent door.
  5787 | D:7      | Found a glowing silver altar of Zin.
  5788 | D:7      | Found a white marble altar of Elyvilon.
  5789 | D:7      | Found a glowing golden altar of the Shining One.
  5805 | D:7      | Noticed a hornet
  5813 | D:7      | Killed a hornet
  5814 | D:7      | Reached XP level 9. HP: 40/67 MP: 8/8
  6083 | D:7      | Found a glowing golden altar of the Shining One.
  6196 | D:7      | Found a sacrificial altar of Ru.
  6320 | D:7      | Found a staircase to the Ecumenical Temple.
  6344 | Temple   | Entered the Ecumenical Temple
  6663 | Temple   | Became a worshipper of Ashenzari the Shackled
  6926 | D:8      | Reached skill level 9 in Unarmed Combat
  6946 | D:8      | Reached skill level 5 in Armour
  7615 | D:8      | Reached skill level 10 in Unarmed Combat
  7636 | D:8      | Reached XP level 10. HP: 73/73 MP: 9/9
  7911 | D:8      | Found a staircase to the Lair.
  8144 | D:8      | Noticed Domino's ghost (novice MiBe)
  8185 | D:8      | Found a shimmering altar of Xom.
  8550 | D:9      | Found a white marble altar of Elyvilon.
  8567 | D:9      | Found Bigioxoe's Distillery.
  8778 | D:9      | Noticed Erolcha
  8786 | D:9      | Killed Erolcha
  8990 | D:9      | Reached skill level 11 in Unarmed Combat
  9126 | D:9      | Reached * piety under Ashenzari
  9280 | D:9      | Learned a level 3 spell: Confusing Touch
  9523 | D:9      | Noticed Maurice
  9537 | D:9      | Killed Maurice
  9635 | D:10     | Entered Level 10 of the Dungeon
  9922 | D:10     | Found a staircase to the Orcish Mines.
 10035 | D:10     | Noticed a two-headed ogre
 10045 | D:10     | Killed a two-headed ogre
 10046 | D:10     | Reached skill level 10 in Dodging
 10046 | D:10     | Reached XP level 11. HP: 25/85 MP: 10/10
 10372 | D:10     | Found a sparkling altar of Nemelex Xobeh.
 10412 | D:10     | HP: 3/85 [sky beast (5)]
 10415 | D:10     | Slain by a sky beast

Illustrated notes

Levels and vault maps discovered:
D:1:      evilmike_arrival_hilbert_curve, layout_loops_ring,
          hangedman_feature_mirror
D:2:      layout_basic, minmay_misc_feat_five
D:3:      layout_basic
D:4:      layout_cave_pods, general_overflow_altar
D:5:      layout_loops_ring, lemuel_round_altar,
          chequers_temple_overflow_statue_of_worship, serial_shops, shop
D:6:      kennysheep_steamy, layout_loops_ring, corexii_leaking_fountain,
          guppyfry_shop_venom
D:7:      layout_cave_pools, good_gods_temple_1, kennysheep_little_box,
          minmay_temple_entry_gardened_gates, nicolae_tso_besieged_by_evil
D:8:      layout_basic, kennysheep_mini, due_lair_maze_entry_diamond,
          ebering_ghost_reflecting_pool, lemuel_another_geyser
D:9:      layout_layer_cave, basic_altar, serial_shops, shop, uniq_maurice,
          uniq_erolcha
D:10:     wad_guarded_room, layout_irregular_city, basic_altar
Temple:   hc_temple_tempest_star

Skill      XL: |  1  2  3  4  5  6  7  8  9 10 |
---------------+-------------------------------+-----
Dodging        | 3 4 5 7 8 10 | 10.0
Armour         | 1 2 3 4 5 6 |  6.5
Unarmed Combat | 4 5 7 8 10 11 | 11.7
Fighting       | 4 |  4.5
Throwing       | |  1.7

Action                   |  1- 3 |  4- 6 |  7- 9 | 10-12 || total
-------------------------+-------+-------+-------+-------++-------
Melee: Unarmed           |    96 |   116 |   229 |   202 ||   643
       Punch             |     1 |     5 |    14 |     7 ||    27
Throw: Throwing net      |       |       |       |     3 ||     3
Invok: Curse Item        |       |       |     2 |       ||     2
  Use: Scroll            |       |     1 |     9 |     1 ||    11
       Potion            |       |       |     1 |     3 ||     4
 Stab: Held in net/web   |       |       |       |     3 ||     3
       Sleeping          |       |       |       |     1 ||     1
Armor: Leather armour    |    24 |    19 |    12 |       ||    55
       Ring mail         |       |       |    33 |       ||    33
       Steam dragon scal |       |       |     2 |    42 ||    44
Dodge: Dodged            |    62 |    60 |   123 |   139 ||   384
Block: Other             |       |       |    27 |    39 ||    66
       Reflection        |       |       |       |     1 ||     1

Table legend: (Time is in decaauts)
 A = Elapsed time spent in this place.
 B = Non-inter-level travel time spent in this place.
 C = Inter-level travel time spent in this place.
 D = Time resting spent in this place.
 E = Time spent auto-exploring this place.
 F = Levels seen in this place.
 G = Mean time per level.
                   A        B        C        D        E       F      G
               +--------+--------+--------+--------+--------+-----+--------+
         Total |  10326 |   9799 |    527 |   2407 |   6127 |  11 |  938.7 |
       Dungeon |   9990 |   9527 |    463 |   2407 |   5857 |  10 |  999.0 |
        Temple |    335 |    271 |     64 |      0 |    270 |   1 |  335.0 |
               +--------+--------+--------+--------+--------+-----+--------+

Top non-repeatable levels by time:
     D:9: 1399 daAuts
     D:8: 1246 daAuts
     D:4: 1230 daAuts
     D:1: 1111 daAuts
     D:6: 974 daAuts
     D:2: 936 daAuts
     D:3: 927 daAuts
     D:7: 822 daAuts
     D:5: 710 daAuts
    D:10: 631 daAuts
  Temple: 335 daAuts
